 Dungeon Crawl Stone Soup version 0.32-a0-666-ge8a88695a4 (webtiles) character file.

Game seed: 16649150284522943233

185 pokeman the Magician (level 5, -1/29 HPs)
             Began as a Deep Elf Hedge Wizard on Mar 9, 2024.
             Slain by a gnoll sergeant
             ... wielding a +0 hand axe
              (12 damage)
             ... on level 3 of the Dungeon.
             The game lasted 00:05:06 (2950 turns).

pokeman the Magician (Deep Elf Hedge Wizard)        Turns: 2950, Time: 00:05:07

Health: -1/29      AC:  6    Str:  7    XL:     5   Next: 37%
Magic:  2/15       EV: 13    Int: 27    God:
Gold:   173        SH:  0    Dex: 14    Spells: 5/16 levels left

rFire   . . .        a - +0 dagger
rCold   . . .        (no shield)
rNeg    . . .        b - +0 robe
rPois   .            c - +0 hat
rElec   .            (no cloak)
rCorr   .            h - +0 pair of gloves
SInv    .            p - +2 pair of boots
Will    .....        (no amulet)
Stlth   ++           j - +6 ring of intelligence
HPRegen 0.24/turn    (no ring)
MPRegen 0.14/turn

%: no passive effects
@: no status effects
A: no striking features
a: no special abilities


You were on level 3 of the Dungeon.
You visited 1 branch of the dungeon, and saw 3 of its levels.

You collected 173 gold pieces.

Inventory:

Hand Weapons
 a - a +0 dagger (weapon)
Armour
 b - a +0 robe (worn)
 c - a +0 hat (worn)
 g - an orb of light
 h - a +0 pair of gloves (worn)
 p - a +2 pair of boots (worn)
Jewellery
 j - a +6 ring of intelligence (left hand)
 n - a ring of ice
Wands
 k - a wand of light (12)
Scrolls
 e - a scroll of noise {unknown}
 f - 2 scrolls of identify {unknown}
 i - a scroll of fear {unknown}
 q - a scroll of enchant weapon {unknown}
Potions
 d - 2 potions of magic
 l - a potion of brilliance {unknown}
 m - a potion of berserk rage {unknown}
 o - a potion of mutation {unknown}


   Skills:
 - Level 1.0 Fighting
 - Level 1.0 Armour
 - Level 3.0 Dodging
 - Level 3.0 Stealth
 * Level 6.2 Spellcasting
 + Level 2.8 Conjurations
 - Level 1.1 Summonings
 - Level 1.1 Translocations
 + Level 0.3 Air Magic
 + Level 0.2 Earth Magic
 + Level 0.2 Alchemy
 + Level 0.5 Evocations


You had 5 spell levels left.
You knew the following spells:

 Your Spells              Type           Power      Damage    Failure   Level
a - Magic Dart            Conj           92%        1d7       1%          1
b - Mephitic Cloud        Conj/Alch/Air  14%        N/A       12%         3
c - Call Imp              Summ           28%        N/A       6%          2
d - Blink                 Tloc           28%        N/A       6%          2
e - Stone Arrow           Conj/Erth      32%        3d9       10%         3

Your spell library contained the following spells:

 Spells                   Type           Power      Damage    Failure   Level
 Sandblast                Erth           18%        2d7       6%          1
 Slow                     Hex            32%        N/A       6%          1
 Cigotuvi's Dreadful Rot  Necr/Alch/Air  18%        N/A       9%          2
 Passwall                 Erth           9%         N/A       17%         3
 Brom's Barrelling Bould  Conj/Erth      16%        2d4       32%         4


Dungeon Overview and Level Annotations

Branches:
Dungeon (3/15)

Altars:
Kikubaaqudgha
Makhleb
Nemelex Xobeh


Message History

The gnoll hits itself with a +0 spear.
You completely miss the gnoll sergeant.
The gnoll sergeant is lightly wounded.
Unknown command.
You swap places.
The gnoll sergeant mumbles something.
The gnoll sergeant hits your cerulean imp with a +0 hand axe.
The gnoll is engulfed in noxious fumes.
The gnoll appears confused.
The gnoll hits the gnoll with a +0 spear.
Your cerulean imp hits the gnoll sergeant but does no damage.
Unknown command.
The gnoll sergeant hits your cerulean imp with a +0 hand axe!
Your cerulean imp is killed!
Your cerulean imp disappears in a puff of smoke!
Unknown command.
The gnoll sergeant hits something with a +0 hand axe.
The gnoll sergeant hits something with a +0 hand axe.
Casting: Call Imp (safe; 6% risk of failure)
Confirm with . or Enter, or press ? or * to list all spells.
Aiming: Mephitic Cloud (quite dangerous; 12% risk of failure)
Press: ? - help, Shift-Dir - straight line, f/p - gnoll sergeant
Aim: a gnoll sergeant, wielding a +0 hand axe and wearing a +0 ring mail (lightly wounded, confused, chance to affect: 81%)
The ball explodes into a vile cloud!
The stinking cloud engulfs the gnoll sergeant.
The gnoll sergeant is lightly wounded.
The stinking cloud engulfs the gnoll.
The gnoll is almost dead.
You hear a shout!
The gnoll sergeant is engulfed in noxious fumes.
The gnoll sergeant appears confused.
Unknown command.
Unknown command.
Unknown command.
The gnoll sergeant is engulfed in noxious fumes.
The gnoll sergeant appears confused.
You hit the gnoll sergeant but do no damage.
The gnoll sergeant is lightly wounded.
The gnoll sergeant is engulfed in noxious fumes.
The gnoll sergeant hits you with a +0 hand axe!
You die...

#.# #.# #.# #.# # #.# ########.#
#.# #.##### #.# #........#
#.###.##... #####.# #.########
#.#......## ##.....#
##.##########.#.#.#..## ...#####
#)...................# .###
######.)#########.##.#.#.## .##
#...........# #.##.....###
..####.####.)###@# #...........
..............##g# #.#####.#...
..####.##....###○#####g...##...##
.## #.##.....##☼g§g)g.###.#..##.
.# #..'''''.#######.## ##...#..
.# #..'''''.# #.## ##.##.#
.#####..''_''.# #g# #.#..#
........'''''.######.## ##.#..#
#######.'''''.........## #.g)..#


You could see a gnoll sergeant (confused) and a gnoll.

Vanquished Creatures
  An iguana (D:3)
  An orc wizard (D:3)
  5 gnolls (D:3)
  3 adders
  5 orcs (D:3)
  5 endoplasms
  2 giant cockroaches
  5 goblins
  A hobgoblin (D:1)
  4 quokkas
  8 ball pythons
  5 bats
  3 frilled lizards (D:1)
  6 kobolds
  2 rats (D:1)
56 creatures vanquished.

Notes
Turn   | Place    | Note
-------+----------+-------------------------------------------
     0 | D:1      | pokeman the Deep Elf Hedge Wizard began the quest for the
                  | Orb.
     0 | D:1      | Reached XP level 1. HP: 10/10 MP: 7/7
   576 | D:1      | Reached XP level 2. HP: 16/16 MP: 3/9
  1254 | D:2      | Reached skill level 5 in Spellcasting
  1406 | D:2      | Reached XP level 3. HP: 20/20 MP: 9/11
  1410 | D:2      | Learned a level 3 spell: Mephitic Cloud
  1413 | D:2      | Learned a level 2 spell: Call Imp
  1416 | D:2      | Learned a level 2 spell: Blink
  1787 | D:2      | Reached skill level 1 in Armour
  2002 | D:2      | Found a sparkling altar of Nemelex Xobeh.
  2047 | D:2      | Reached skill level 1 in Fighting
  2216 | D:3      | Reached XP level 4. HP: 23/25 MP: 4/13
  2510 | D:3      | Reached skill level 6 in Spellcasting
  2514 | D:3      | Learned a level 3 spell: Stone Arrow
  2522 | D:3      | Reached XP level 5. HP: 25/29 MP: 5/15
  2524 | D:3      | Found a faded altar of an unknown god.
  2656 | D:3      | Found a burning altar of Makhleb.
  2706 | D:3      | Found an ancient bone altar of Kikubaaqudgha.
  2950 | D:3      | Slain by a gnoll sergeant

Illustrated notes

Levels and vault maps discovered:
D:1:      minmay_arrival_five_plusses, layout_loops_corners
D:2:      layout_loops_ring, basic_altar
D:3:      layout_loops_ring, grunt_temple_overflow_forces_of_nature,
          mainiacjoe_overflow_catch_the_wave,
          hellmonk_ecumenical_altar_heavens_door,
          minmay_randomly_rotated_circles

Skill      XL: |  1  2  3  4  5 |
---------------+----------------+-----
Spellcasting   | 5 6 |  6.2
Conjurations   | 2 |  2.8
Armour         | 1 |  1.0
Fighting       | 1 |  1.0
Stealth        | 3 |  3.0
Dodging        | 3 |  3.0
Summonings     | |  1.1
Translocations | |  1.1
Air Magic      | |  0.3
Earth Magic    | |  0.2
Alchemy        | |  0.2
Evocations     | |  0.5

Action                     |  1- 3 |  4- 6 || total
---------------------------+-------+-------++-------
  Melee: Dagger            |     5 |    30 ||    35
   Cast: Magic Dart        |    79 |    38 ||   117
         Mephitic Cloud    |     1 |     5 ||     6
         Call Imp          |       |     2 ||     2
   Stab: Confused          |     1 |     3 ||     4
         Sleeping          |     1 |       ||     1
 Armour: Robe              |     3 |    20 ||    23
  Dodge: Dodged            |     8 |    11 ||    19

Table legend: (Time is in decaauts)
 A = Elapsed time spent in this place.
 B = Non-inter-level travel time spent in this place.
 C = Inter-level travel time spent in this place.
 D = Time resting spent in this place.
 E = Time spent auto-exploring this place.
 F = Levels seen in this place.
 G = Mean time per level.
                   A        B        C        D        E       F      G
               +--------+--------+--------+--------+--------+-----+--------+
         Total |   2949 |   2825 |    124 |     44 |   2435 |   3 |  983.0 |
       Dungeon |   2949 |   2825 |    124 |     44 |   2435 |   3 |  983.0 |
               +--------+--------+--------+--------+--------+-----+--------+

Top non-repeatable levels by time:
     D:1: 1240 daAuts
     D:2: 999 daAuts
     D:3: 709 daAuts
